 Dungeon Crawl Stone Soup version 0.32-a0-560-g4c7f4391e0 (webtiles) character file.

Game seed: 12229499025626417917

43 BeKind the Trooper (level 3, -2/33 HPs)
             Began as a Minotaur Berserker on Feb 29, 2024.
             Was an Initiate of Gozag.
             Slain by a polar bear (24 damage)
             ... created by the rage of Trog
             ... on level 2 of the Dungeon.
             The game lasted 00:01:04 (707 turns).

BeKind the Trooper (Minotaur Berserker)              Turns: 707, Time: 00:01:07

Health: -2/33      AC:  2    Str: 29    XL:     3   Next: 37%
Magic:  2/2        EV: 12    Int:  4    God:    Gozag
Gold:   73         SH:  0    Dex:  9    Spells: 2/2 levels left

rFire   . . .        a - +0 spear
rCold   . . .        (no shield)
rNeg    . . .        b - +0 animal skin
rPois   .            (helmet restricted)
rElec   .            (no cloak)
rCorr   .            (no gloves)
SInv    .            (no boots)
Will    .....        (no amulet)
Stlth   +            e - +6 ring of strength
HPRegen 0.25/turn    (no ring)
MPRegen 0.08/turn

%: no passive effects
@: gold aura, slowed, very slow
A: horns 2, retaliatory headbutt
a: Renounce Religion, Potion Petition, Call Merchant, Bribe Branch


You were on level 2 of the Dungeon.
You worshipped Gozag.
Gozag was noncommittal.
You visited 1 branch of the dungeon, and saw 2 of its levels.

You collected 97 gold pieces.
You paid 24 gold pieces to Gozag.

Inventory:

Hand Weapons
 a - a +0 spear (weapon)
Armour
 b - a +0 animal skin (worn)
Jewellery
 e - a +6 ring of strength (left hand)
Scrolls
 d - a scroll of identify {unknown}
 g - 2 scrolls of teleportation {unknown}
 h - a scroll of revelation {unknown}
 k - a scroll of fear {unknown}
 l - a scroll of acquirement {unknown}
Potions
 c - a potion of curing {unknown}
 f - 2 potions of lignification {unknown}


   Skills:
 + Level 4.2 Fighting
 + Level 4.1 Polearms
 + Level 3.1 Armour
 + Level 2.8 Dodging


You had 2 spell levels left.
You didn't know any spells.
Your spell library was empty.

Dungeon Overview and Level Annotations

Branches:
Dungeon (2/15)

Altars:
Gozag


Innate Abilities, Weirdness & Mutations

You have a pair of horns on your head.
You reflexively headbutt those who attack you in melee.


Message History

l - a scroll labelled TIDYZX QIDYES A giant cockroach comes into view.
Found a robe.
A giant cockroach is nearby!
You see here a +0 robe.
You reach to attack!
The helpless giant cockroach fails to defend itself.
You hit the giant cockroach.
The giant cockroach is heavily wounded.
You closely miss the giant cockroach.
The giant cockroach is heavily wounded.
The giant cockroach barely misses you.
You hit the giant cockroach but do no damage.
The giant cockroach is heavily wounded.
The giant cockroach bites you but does no damage.
You hit the giant cockroach.
You kill the giant cockroach!
No target in view!
No target in view!
No target in view!
No target in view!
No target in view!
No target in view!
You now have 73 gold pieces (gained 5).
Trog sends monsters to punish you.
The divine experience drains your vigour!
You feel yourself slow down.
A polar bear and 2 black bears come into view.
The air fills with toxic fumes!
As you read the scroll labelled LOYCZOO QEALA, it crumbles to dust.
It was a scroll of poison.
As you read the scroll labelled HATUBA QEREXOI, it crumbles to dust.
You hear a loud clanging noise!
It was a scroll of noise.
The polar bear barely misses you.
The polar bear claws you but does no damage.
The polar bear claws you. The black bear bites you!
The black bear barely misses you. x2; The polar bear bites you!!
Ouch! That really hurt!
You die...
Your body crumbles into a pile of gold.

#.# #.#
####.#
#....#
#...####..
#..>......
#...####..
#####§#
#h@h.§#
#h##### #§
#§ #§ #§
##


You could see a polar bear (berserk) and 2 black bears.

Vanquished Creatures
  2 dart slugs (D:1)
  4 endoplasms
  2 giant cockroaches
  A goblin (D:2)
  4 hobgoblins
  3 jackals (D:1)
  4 kobolds (D:1)
  5 quokkas
  3 ball pythons
  2 bats
  4 rats (D:1)
34 creatures vanquished.

Notes
Turn   | Place    | Note
-------+----------+-------------------------------------------
     0 | D:1      | BeKind the Minotaur Berserker began the quest for the Orb.
     0 | D:1      | Reached XP level 1. HP: 19/19 MP: 0/0
    90 | D:1      | Reached XP level 2. HP: 24/27 MP: 1/1
   427 | D:1      | Reached XP level 3. HP: 33/33 MP: 2/2
   526 | D:2      | Found an opulent altar of Gozag.
   541 | D:2      | Fell from the grace of Trog
   541 | D:2      | Became a worshipper of Gozag Ym Sagoz the Greedy
   706 | D:2      | Noticed a black bear
   706 | D:2      | Noticed a polar bear
   706 | D:2      | Noticed a black bear
   707 | D:2      | Slain by a polar bear

Illustrated notes

Levels and vault maps discovered:
D:1:      moated_graveyard_arrival, layout_basic
D:2:      layout_basic, basic_altar, minmay_tree_intersection

Skill      XL: |  1  2 |
---------------+-------+-----
Fighting       | 4 |  4.2
Polearms       | 4 |  4.1
Armour         | 3 |  3.1
Dodging        | |  2.8

Action                     || total
---------------------------++-------
  Melee: Spear             ||    77
         Headbutt          ||     9
 Invoke: Berserk           ||     1
    Use: Scroll            ||     2
   Stab: Sleeping          ||     3
 Armour: Animal skin       ||    29
  Dodge: Dodged            ||    33

Table legend: (Time is in decaauts)
 A = Elapsed time spent in this place.
 B = Non-inter-level travel time spent in this place.
 C = Inter-level travel time spent in this place.
 D = Time resting spent in this place.
 E = Time spent auto-exploring this place.
 F = Levels seen in this place.
 G = Mean time per level.
                   A        B        C        D        E       F      G
               +--------+--------+--------+--------+--------+-----+--------+
         Total |    708 |    692 |     16 |     37 |    511 |   2 |  354.0 |
       Dungeon |    708 |    692 |     16 |     37 |    511 |   2 |  354.0 |
               +--------+--------+--------+--------+--------+-----+--------+

Top non-repeatable levels by time:
     D:1: 529 daAuts
     D:2: 178 daAuts
